Nordiques vs Capitals
Created - 3 novembre 2016 at 00:14
Goals
|
Nordiques |
0 |
4 |
1 |
5 |
Capitals |
2 |
1 |
0 |
3 |
|
Shots
|
Nordiques |
7 |
15 |
10 |
32 |
Capitals |
15 |
9 |
15 |
39 |
|
1st period
1. Capitals , Joe Pavelski 4 (Jason Spezza) at 6:37 (PP)
2. Capitals , Daniel Sedin 2 (Jason Spezza, Joe Pavelski) at 10:43
Penalties :
Dmitry Kulikov (Que) for Holding (Minor) at 6:27, Dustin Byfuglien (Que) for Hooking (Minor) at 12:42, Fedor Tyutin (Que) for Slashing (Minor) at 14:55
2nd period
3. Nordiques , Pascal Dupuis 1 (Nikolai Kulemin, Jean-Pierre Dumont) at 11:20
4. Capitals , Jason Spezza 6 (Chris Kelly, Johnny Oduya) at 13:35
5. Nordiques , R.J. Umberger 1 (Dustin Byfuglien) at 14:25
6. Nordiques , R.J. Umberger 2 (Chris Drury, Dustin Byfuglien) at 15:02 (PP)
7. Nordiques , Pascal Dupuis 2 (Rich Peverley, Matt Moulson) at 16:23
Penalties :
Michael Ryder (Que) for Roughing (Minor) at 2:56, Jason Spezza (Was) for Tripping (Minor) at 14:46, Cody Franson (Was) for High sticking (Minor) at 19:00, Dustin Byfuglien (Que) for Holding (Minor) at 19:34
3rd period
8. Nordiques , Ryan Ellis 2 (Dmitry Kulikov, Matt Moulson) at 11:36
Penalties :
Patrik Elias (Was) for Interference (Minor) at 6:19
Goalie Stats
Julien Ellis (Que), 36 saves from 39 shots - (0,923), W, 2-1-0, 60:00 minutes
Jaroslav Halak (Was), 27 saves from 32 shots - (0,844), L, 2-2-0, 60:00 minutes
Players Stats for Nordiques
Player Name G A P +/- PIM S H SB GA TA FO MP PP MP PK MP
------------------------------------------------------------------------------------
Chris Drury 0 1 1 0 0 4 2 0 1 1 12/32 23:08 1:43 3:29
Dmitry Kulikov 0 1 1 0 2 2 3 0 0 0 0/0 20:24 0:45 2:26
Dustin Byfuglien 0 2 2 0 4 0 1 0 0 1 0/0 25:22 2:03 0:00
Fedor Tyutin 0 0 0 0 2 1 2 1 0 1 0/0 24:52 2:04 0:00
Jarret Stoll 0 0 0 0 0 2 1 0 0 0 4/6 13:56 0:00 2:24
Jean-Pierre Dumont 0 1 1 0 0 2 0 0 2 0 0/0 16:35 1:06 0:00
Kyle Calder 0 0 0 0 0 0 2 0 0 0 0/1 16:32 1:06 1:07
Mark Eaton 0 0 0 2 0 1 0 1 0 2 0/0 14:42 0:00 4:15
Matt Moulson 0 2 2 0 0 4 1 0 0 0 0/0 11:31 0:00 0:00
Michael Ryder 0 0 0 0 2 2 0 0 0 1 0/0 11:36 0:00 0:00
Nikita Kucherov 0 0 0 0 0 1 0 1 2 0 0/0 17:49 1:43 0:02
Nikolai Kulemin 0 1 1 2 0 0 0 1 0 0 0/0 6:24 0:00 0:00
Pascal Dupuis 2 0 2 2 0 2 1 0 0 0 1/6 11:18 0:00 3:53
R.J. Umberger 2 0 2 0 0 8 1 0 0 0 0/1 17:36 1:43 0:02
Rich Peverley 0 1 1 2 0 0 1 0 0 0 1/3 8:55 0:00 2:25
Ryan Ellis 1 0 1 0 0 2 0 0 1 0 0/0 20:50 0:45 2:26
T.J. Fast 0 0 0 2 0 0 0 0 0 0 0/0 14:42 0:00 4:15
Vaclav Prospal 0 0 0 0 0 1 2 0 0 1 6/16 15:37 1:06 0:00
Players Stats for Capitals
Player Name G A P +/- PIM S H SB GA TA FO MP PP MP PK MP
------------------------------------------------------------------------------------
Chris Kelly 0 1 1 0 0 2 0 0 1 0 3/3 7:58 0:00 0:00
Cody Franson 0 0 0 -1 2 1 0 0 1 1 0/0 21:06 3:16 0:59
Daniel Sedin 1 0 1 0 0 2 1 0 0 1 1/2 22:39 4:00 1:33
Dwight King 0 0 0 0 0 0 1 0 0 0 0/0 8:21 0:00 0:00
Jason Spezza 1 2 3 -1 2 4 2 1 2 0 27/38 23:33 3:26 1:45
Joe Pavelski 1 1 2 0 0 7 4 0 0 0 1/1 19:27 3:26 0:00
Joffrey Lupul 0 0 0 -1 0 0 2 0 0 0 0/1 9:20 0:00 0:23
Johnny Oduya 0 1 1 -1 0 0 1 2 0 1 0/0 23:24 3:25 1:47
Lars Eller 0 0 0 -1 0 2 0 1 0 0 1/3 8:42 0:00 0:15
Mark Giordano 0 0 0 1 0 0 1 0 0 1 0/0 11:47 0:00 0:03
Patrik Elias 0 0 0 -1 2 3 3 0 1 0 2/2 17:31 2:41 0:00
Paul Martin 0 0 0 -2 0 2 0 4 1 0 0/0 26:56 3:25 1:47
Pierre-Alexandre Parente 0 0 0 -1 0 2 1 0 0 1 0/0 8:57 0:00 0:00
Ryan Callahan 0 0 0 -1 0 4 3 1 0 0 0/0 17:29 2:41 0:00
Saku Koivu 0 0 0 0 0 4 1 0 0 0 4/9 15:57 3:15 1:42
Scottie Upshall 0 0 0 0 0 4 0 0 0 1 2/6 14:21 0:00 0:00
Tyler Myers 0 0 0 -2 0 2 3 3 1 0 0/0 24:52 3:16 1:02
Zdeno Chara 0 0 0 1 0 0 0 1 0 0 0/0 13:23 0:34 0:00
3 Stars
1 - Pascal Dupuis (Que)
2 - R.J. Umberger (Que)
3 - Joe Pavelski (Was)
Power Play
Nordiques - 1 on 3 Attempt(s) - 33,33%
Capitals - 1 on 5 Attempt(s) - 20,00%
Penalty Kill
Nordiques - 4 on 5 Attempt(s) - 80,00%
- Score 0 goal in Penalty Kill
Capitals - 2 on 3 Attempt(s) - 66,67%
- Score 0 goal in Penalty Kill
Team Stat
Nordiques - Hits : 17 - Faceoff Wins : 24 - Blocked Shots : 4 - Penalty Minutes : 10
Capitals - Hits : 23 - Faceoff Wins : 41 - Blocked Shots : 13 - Penalty Minutes : 6
Official
Referees : McCreary Bill and Meier Brad
Linesman : Tim Nowak and Steve Miller
Game Notes
Chris Kelly is injured at 14:13 of 2nd period (Sports Hernia)
Finance
Level 1 -- Attendance: 5524 (92,07%) -- Ticket Income 425 348 $
Level 2 -- Attendance: 5000 (100,00%) -- Ticket Income 210 000 $
Level 3 -- Attendance: 1811 (90,55%) -- Ticket Income 48 897 $
Level 4 -- Attendance: 4000 (100,00%) -- Ticket Income 64 000 $
Luxury Box -- Attendance: 889 (88,90%) -- Ticket Income 144 907 $
Game was played at the Verizon Center.
Total Attendance: 17224 (95,69%)
Total Ticket Income: 893 152 $
Other Income: 133 973 $
Total Income: 1 027 125 $
Nordiques
5 vs 5 Forward
Center Left Wing Right Wing Time % Phy DF OF
1 Chris Drury R.J. Umberger Nikita Kucherov 40 1 0 4
2 Vaclav Prospal Kyle Calder Jean-Pierre Dumont 30 0 1 4
3 Jarret Stoll Matt Moulson Michael Ryder 20 2 1 2
4 Rich Peverley Nikolai Kulemin Pascal Dupuis 10 2 1 2
5 vs 5 Defense
Defense Defense Time % Phy DF OF
1 Fedor Tyutin Dustin Byfuglien 40 1 1 3
2 Ryan Ellis Dmitry Kulikov 30 1 1 3
3 T.J. Fast Mark Eaton 20 1 3 1
4 Fedor Tyutin Dustin Byfuglien 10 1 1 3
PowerPlay Forward
Center Left Wing Right Wing Time % Phy DF OF
1 Chris Drury R.J. Umberger Nikita Kucherov 60 0 0 5
2 Vaclav Prospal Kyle Calder Jean-Pierre Dumont 40 0 0 5
PowerPlay Defense
Defense Defense Time % Phy DF OF
1 Fedor Tyutin Dustin Byfuglien 60 1 0 4
2 Ryan Ellis Dmitry Kulikov 40 1 0 4
Penalty Kill 4 Players Forward
Center Wing Time % Phy DF OF
1 Pascal Dupuis Chris Drury 60 1 3 1
2 Jarret Stoll Rich Peverley 40 1 3 1
Penalty Kill 4 Players Defense
Defense Defense Time % Phy DF OF
1 T.J. Fast Mark Eaton 60 2 3 0
2 Ryan Ellis Dmitry Kulikov 40 2 3 0
Penalty Kill - 3 Players Forward
Forward Time % Phy DF OF
1 Pascal Dupuis 60 1 4 0
2 Jarret Stoll 40 2 3 0
Penalty Kill - 3 Players Defense
Defense Defense Time % Phy DF OF
1 T.J. Fast Mark Eaton 60 1 4 0
2 Dustin Byfuglien Dmitry Kulikov 40 1 4 0
4 vs 4 Forward
Center Wing Time % Phy DF OF
1 Chris Drury Jean-Pierre Dumont 60 1 1 3
2 Vaclav Prospal Nikita Kucherov 40 1 1 3
4 vs 4 Defense
Defense Defense Time % Phy DF OF
1 Ryan Ellis Dmitry Kulikov 60 1 3 1
2 Fedor Tyutin Dustin Byfuglien 40 1 3 1
Last Minutes Offensive
Center Left Wing Right Wing Defense Defense
Chris Drury R.J. Umberger Nikita Kucherov Ryan Ellis Dmitry Kulikov
Last Minutes Defensive
Center Left Wing Right Wing Defense Defense
Pascal Dupuis Rich Peverley Vaclav Prospal T.J. Fast Mark Eaton
Goaltenders
Starting : Julien Ellis
Backup : Martin Brodeur
Extra Forwards
Normal : Chris Drury, Nikita Kucherov, R.J. Umberger - PP : Matt Moulson, Nikolai Kulemin - PK : Rich Peverley
Extra Defensemen
Normal : Fedor Tyutin, Ryan Ellis, Dustin Byfuglien - PP : Fedor Tyutin - PK : Dmitry Kulikov, T.J. Fast
Penalty Shots
R.J. Umberger, Chris Drury, Vaclav Prospal, Jean-Pierre Dumont, Kyle Calder
Capitals
5 vs 5 Forward
Center Left Wing Right Wing Time % Phy DF OF
1 Jason Spezza Daniel Sedin Joe Pavelski 40 1 2 2
2 Chris Kelly Patrik Elias Ryan Callahan 30 1 2 2
3 Saku Koivu Scottie Upshall Dwight King 20 1 2 2
4 Lars Eller Joffrey Lupul Pierre-Alexandre Parentea10 1 2 2
5 vs 5 Defense
Defense Defense Time % Phy DF OF
1 Paul Martin Tyler Myers 40 1 3 1
2 Johnny Oduya Cody Franson 35 1 3 1
3 Zdeno Chara Mark Giordano 25 1 3 1
4 Johnny Oduya Paul Martin 0 1 2 2
PowerPlay Forward
Center Left Wing Right Wing Time % Phy DF OF
1 Jason Spezza Daniel Sedin Joe Pavelski 60 1 2 2
2 Saku Koivu Patrik Elias Ryan Callahan 40 1 2 2
PowerPlay Defense
Defense Defense Time % Phy DF OF
1 Johnny Oduya Paul Martin 60 1 2 2
2 Tyler Myers Cody Franson 40 1 2 2
Penalty Kill 4 Players Forward
Center Wing Time % Phy DF OF
1 Jason Spezza Chris Kelly 60 1 2 2
2 Joe Pavelski Daniel Sedin 40 1 2 2
Penalty Kill 4 Players Defense
Defense Defense Time % Phy DF OF
1 Johnny Oduya Paul Martin 60 1 2 2
2 Tyler Myers Cody Franson 40 1 2 2
Penalty Kill - 3 Players Forward
Forward Time % Phy DF OF
1 Jason Spezza 60 1 2 2
2 Chris Kelly 40 1 2 2
Penalty Kill - 3 Players Defense
Defense Defense Time % Phy DF OF
1 Johnny Oduya Paul Martin 60 1 2 2
2 Tyler Myers Cody Franson 40 1 2 2
4 vs 4 Forward
Center Wing Time % Phy DF OF
1 Jason Spezza Chris Kelly 60 1 2 2
2 Joe Pavelski Daniel Sedin 40 1 2 2
4 vs 4 Defense
Defense Defense Time % Phy DF OF
1 Johnny Oduya Paul Martin 60 1 2 2
2 Tyler Myers Cody Franson 40 1 2 2
Last Minutes Offensive
Center Left Wing Right Wing Defense Defense
Jason Spezza Daniel Sedin Joe Pavelski Johnny Oduya Paul Martin
Last Minutes Defensive
Center Left Wing Right Wing Defense Defense
Jason Spezza Daniel Sedin Joe Pavelski Johnny Oduya Paul Martin
Goaltenders
Starting : Jaroslav Halak
Backup : Corey Crawford
Extra Forwards
Normal : Chris Kelly, Scottie Upshall, Saku Koivu - PP : Chris Kelly, Scottie Upshall - PK : Saku Koivu
Extra Defensemen
Normal : Zdeno Chara, Mark Giordano, Tyler Myers - PP : Zdeno Chara - PK : Mark Giordano, Tyler Myers
Penalty Shots
Jason Spezza, Dwight King, Joe Pavelski, Daniel Sedin, Chris Kelly
% Time on Ice - Nordiques
Lines # - Real PCT - Wanted PCT - Time Play
Normal Forward
1 - 34% - 40% - 16:38
2 - 30% - 30% - 14:32
3 - 23% - 20% - 11:31
4 - 13% - 10% - 6:24
Normal Defense
1 - 40% - 40% - 19:42
2 - 33% - 30% - 16:14
3 - 19% - 20% - 9:31
4 - 7% - 10% - 3:38
PP Forward
1 - 61% - 60% - 1:43
2 - 39% - 40% - 1:06
PP Defense
1 - 73% - 60% - 2:04
2 - 27% - 40% - 0:45
PK Forward
1 - 76% - 60% - 5:05
2 - 24% - 40% - 1:36
PK Defense
1 - 64% - 60% - 4:17
2 - 36% - 40% - 2:24
PK3 Forward
1 - 0% - 60%
2 - 0% - 40%
PK3 Defense
1 - 0% - 60%
2 - 0% - 40%
44 Forward
1 - 85% - 60% - 1:12
2 - 15% - 40% - 0:13
44 Defense
1 - 71% - 60% - 1:00
2 - 29% - 40% - 0:25
Last Minute Offensive - 0:00
Last Minute Defensive - 0:00
Total
Forward - 60:00
Defense - 60:00
|
% Time on Ice - Capitals
Lines # - Real PCT - Wanted PCT - Time Play
Normal Forward
1 - 35% - 40% - 17:12
2 - 31% - 30% - 15:05
3 - 17% - 20% - 8:21
4 - 17% - 10% - 8:27
Normal Defense
1 - 38% - 40% - 18:39
2 - 33% - 35% - 16:03
3 - 24% - 25% - 11:44
4 - 5% - 0% - 2:39
PP Forward
1 - 60% - 60% - 4:00
2 - 40% - 40% - 2:41
PP Defense
1 - 51% - 60% - 3:25
2 - 49% - 40% - 3:16
PK Forward
1 - 100% - 60% - 2:49
2 - 0% - 40% - 0:00
PK Defense
1 - 63% - 60% - 1:47
2 - 37% - 40% - 1:02
PK3 Forward
1 - 0% - 60%
2 - 0% - 40%
PK3 Defense
1 - 0% - 60%
2 - 0% - 40%
44 Forward
1 - 100% - 60% - 1:25
2 - 0% - 40% - 0:00
44 Defense
1 - 64% - 60% - 0:54
2 - 36% - 40% - 0:31
Last Minute Offensive - 0:00
Last Minute Defensive - 0:00
Total
Forward - 60:00
Defense - 60:00
|
Play by Play
1st period
0:01 of 1st period - Jason Spezza wins face-off versus Chris Drury in neutral zone.
0:48 of 1st period - Snap shot by Michael Ryder.
0:48 of 1st period - Shot Misses the Net.
1:05 of 1st period - Icing by Fedor Tyutin.
1:06 of 1st period - Jarret Stoll wins face-off versus Lars Eller in Nordiques zone.
1:06 of 1st period - Jarret Stoll is hit by Pierre-Alexandre Parenteau.
1:16 of 1st period - Wrist shot by Nikolai Kulemin.
1:16 of 1st period - Shot Misses the Net.
1:44 of 1st period - Snap shot by Chris Kelly.
1:44 of 1st period - Stopped by Julien Ellis with a rebound.
1:58 of 1st period - Johnny Oduya is hit by R.J. Umberger and loses puck.
3:14 of 1st period - Jason Spezza is hit by Vaclav Prospal and loses puck.
3:45 of 1st period - Snap shot by Saku Koivu.
3:45 of 1st period - Stopped by Julien Ellis with a rebound.
3:47 of 1st period - Slapshot by Paul Martin.
3:47 of 1st period - Shot Misses the Net.
3:49 of 1st period - Slapshot by Tyler Myers.
3:49 of 1st period - Stopped by Julien Ellis without a rebound.
3:50 of 1st period - Chris Drury wins face-off versus Saku Koivu in Nordiques zone.
4:10 of 1st period - Snap shot by Saku Koivu.
4:10 of 1st period - Shot Misses the Net.
4:12 of 1st period - Wrist shot by Saku Koivu.
4:12 of 1st period - Stopped by Julien Ellis with a rebound.
4:33 of 1st period - Wrist shot by Saku Koivu.
4:33 of 1st period - Stopped by Julien Ellis with a rebound.
4:57 of 1st period - Snap shot by R.J. Umberger.
4:57 of 1st period - Stopped by Jaroslav Halak with a rebound.
5:13 of 1st period - Wrist shot by R.J. Umberger.
5:13 of 1st period - Shot Misses the Net.
5:15 of 1st period - Wrist shot by R.J. Umberger.
5:15 of 1st period - Stopped by Jaroslav Halak with a rebound.
5:17 of 1st period - Slapshot by Dustin Byfuglien.
5:17 of 1st period - Deflect By Nikita Kucherov.
5:17 of 1st period - Shot Misses the Net.
5:17 of 1st period - Puck is out of play.
5:18 of 1st period - Jason Spezza wins face-off versus Kyle Calder in Capitals zone.
5:18 of 1st period - Jason Spezza is hit by Kyle Calder.
5:49 of 1st period - Wrist shot by Jarret Stoll.
5:49 of 1st period - Stopped by Jaroslav Halak with a rebound.
6:05 of 1st period - Off-side.
6:06 of 1st period - Patrik Elias wins face-off versus Rich Peverley in neutral zone.
6:21 of 1st period - Wrist shot by Patrik Elias.
6:21 of 1st period - Stopped by Julien Ellis with a rebound.
6:27 of 1st period - Minor Penalty to Dmitry Kulikov for Holding.
6:28 of 1st period - Jason Spezza wins face-off versus Pascal Dupuis in Nordiques zone.
6:37 of 1st period - Snap shot by Joe Pavelski.
6:37 of 1st period - Goal by Joe Pavelski - Nordiques : 0 - Capitals : 1.
6:38 of 1st period - Joe Pavelski wins face-off versus Vaclav Prospal in neutral zone.
6:45 of 1st period - Snap shot by Joe Pavelski.
6:45 of 1st period - Stopped by Julien Ellis with a rebound.
6:47 of 1st period - Wrist shot by Joe Pavelski.
6:47 of 1st period - Stopped by Julien Ellis without a rebound.
6:48 of 1st period - Jason Spezza wins face-off versus Vaclav Prospal in Nordiques zone.
6:51 of 1st period - Wrist shot by Joe Pavelski.
6:51 of 1st period - Stopped by Julien Ellis with a rebound.
6:53 of 1st period - Slapshot by Paul Martin.
6:53 of 1st period - Stopped by Julien Ellis without a rebound.
6:54 of 1st period - Jason Spezza wins face-off versus Vaclav Prospal in Nordiques zone.
7:08 of 1st period - Icing by Dustin Byfuglien.
7:09 of 1st period - Patrik Elias wins face-off versus Vaclav Prospal in Nordiques zone.
7:24 of 1st period - Slapshot by Fedor Tyutin.
7:24 of 1st period - Shot Blocked by Ryan Callahan.
7:30 of 1st period - Snap shot by Jean-Pierre Dumont.
7:30 of 1st period - Stopped by Jaroslav Halak without a rebound.
7:31 of 1st period - Jason Spezza wins face-off versus Chris Drury in Capitals zone.
7:46 of 1st period - Snap shot by Nikita Kucherov.
7:46 of 1st period - Shot Misses the Net.
7:56 of 1st period - Ryan Ellis is hit by Ryan Callahan and loses puck.
8:57 of 1st period - Saku Koivu is hit by Pascal Dupuis and loses puck.
9:25 of 1st period - Wrist shot by Ryan Callahan.
9:25 of 1st period - Shot Misses the Net.
9:27 of 1st period - Slapshot by Tyler Myers.
9:27 of 1st period - Deflect By Matt Moulson.
9:27 of 1st period - Stopped by Julien Ellis with a rebound.
9:58 of 1st period - Mark Eaton is hit by Saku Koivu and loses puck.
10:43 of 1st period - Snap shot by Daniel Sedin.
10:43 of 1st period - Goal by Daniel Sedin - Nordiques : 0 - Capitals : 2.
10:44 of 1st period - Jason Spezza wins face-off versus Chris Drury in neutral zone.
11:11 of 1st period - Cody Franson is hit by Kyle Calder and loses puck.
11:34 of 1st period - Slapshot by Fedor Tyutin.
11:34 of 1st period - Shot Blocked by Paul Martin.
11:36 of 1st period - Slapshot by Fedor Tyutin.
11:36 of 1st period - Shot Misses the Net.
11:38 of 1st period - Backhand shot by Fedor Tyutin.
11:38 of 1st period - Shot Blocked by Lars Eller.
11:40 of 1st period - Wrist shot by Fedor Tyutin.
11:40 of 1st period - Deflect By Matt Moulson.
11:40 of 1st period - Stopped by Jaroslav Halak without a rebound.
11:41 of 1st period - Chris Drury wins face-off versus Jason Spezza in Capitals zone.
12:08 of 1st period - Kyle Calder is hit by Johnny Oduya and loses puck.
12:31 of 1st period - Icing by Cody Franson.
12:32 of 1st period - Saku Koivu wins face-off versus Chris Drury in Capitals zone.
12:42 of 1st period - Minor Penalty to Dustin Byfuglien for Hooking.
12:43 of 1st period - Jason Spezza wins face-off versus Pascal Dupuis in Nordiques zone.
12:52 of 1st period - Wrist shot by Joe Pavelski.
12:52 of 1st period - Deflect By Jason Spezza.
12:52 of 1st period - Stopped by Julien Ellis with a rebound.
14:14 of 1st period - Paul Martin is hit by Rich Peverley and loses puck.
14:42 of 1st period - Penalty to Dustin Byfuglien is over, Dustin Byfuglien is back on ice.
14:48 of 1st period - Snap shot by Dustin Byfuglien.
14:48 of 1st period - Shot Misses the Net.
14:55 of 1st period - Minor Penalty to Fedor Tyutin for Slashing.
14:56 of 1st period - Chris Drury wins face-off versus Saku Koivu in Nordiques zone.
14:56 of 1st period - Chris Drury is hit by Ryan Callahan.
15:06 of 1st period - Backhand shot by Patrik Elias.
15:06 of 1st period - Stopped by Julien Ellis with a rebound.
15:08 of 1st period - Snap shot by Cody Franson.
15:08 of 1st period - Shot Misses the Net.
15:10 of 1st period - Slapshot by Tyler Myers.
15:10 of 1st period - Deflect By Patrik Elias.
15:10 of 1st period - Shot Misses the Net.
15:10 of 1st period - Puck is out of play.
15:11 of 1st period - Pascal Dupuis wins face-off versus Jason Spezza in Nordiques zone.
16:55 of 1st period - Penalty to Fedor Tyutin is over, Fedor Tyutin is back on ice.
18:56 of 1st period - R.J. Umberger is hit by Mark Giordano and loses puck.
19:16 of 1st period - Slapshot by Dmitry Kulikov.
19:16 of 1st period - Stopped by Jaroslav Halak with a rebound.
19:32 of 1st period - Dmitry Kulikov is hit by Joffrey Lupul and loses puck.
19:51 of 1st period - Snap shot by Jean-Pierre Dumont.
19:51 of 1st period - Deflect By Vaclav Prospal.
19:51 of 1st period - Stopped by Jaroslav Halak with a rebound.
19:55 of 1st period - Snap shot by Jean-Pierre Dumont.
19:55 of 1st period - Shot Blocked by Paul Martin.
Goals for this period are 0 for Nordiques vs 2 for Capitals.
Shots for this period are 7 for Nordiques vs 15 for Capitals.
2nd period
0:01 of 2nd period - Jason Spezza wins face-off versus Chris Drury in neutral zone.
0:06 of 2nd period - Jason Spezza is hit by Chris Drury and loses puck.
0:13 of 2nd period - Snap shot by R.J. Umberger.
0:13 of 2nd period - Deflect By Nikita Kucherov.
0:13 of 2nd period - Stopped by Jaroslav Halak with a rebound.
0:15 of 2nd period - Slapshot by Fedor Tyutin.
0:15 of 2nd period - Shot Blocked by Jason Spezza.
1:08 of 2nd period - Wrist shot by Jason Spezza.
1:08 of 2nd period - Shot Blocked by Mark Eaton.
1:14 of 2nd period - Slapshot by R.J. Umberger.
1:14 of 2nd period - Stopped by Jaroslav Halak with a rebound.
1:54 of 2nd period - Snap shot by Jean-Pierre Dumont.
1:54 of 2nd period - Stopped by Jaroslav Halak without a rebound.
1:55 of 2nd period - Jason Spezza wins face-off versus Chris Drury in Capitals zone.
2:29 of 2nd period - Snap shot by Chris Drury.
2:29 of 2nd period - Stopped by Jaroslav Halak without a rebound.
2:30 of 2nd period - Jason Spezza wins face-off versus Vaclav Prospal in Capitals zone.
2:56 of 2nd period - Minor Penalty to Michael Ryder for Roughing.
2:57 of 2nd period - Daniel Sedin wins face-off versus Pascal Dupuis in Nordiques zone.
2:57 of 2nd period - Wrist shot by Joe Pavelski.
2:57 of 2nd period - Stopped by Julien Ellis without a rebound.
2:58 of 2nd period - Jason Spezza wins face-off versus Pascal Dupuis in Nordiques zone.
3:01 of 2nd period - Snap shot by Joe Pavelski.
3:01 of 2nd period - Stopped by Julien Ellis with a rebound.
3:03 of 2nd period - Snap shot by Paul Martin.
3:03 of 2nd period - Shot Misses the Net.
3:24 of 2nd period - Patrik Elias is hit by Jarret Stoll.
4:56 of 2nd period - Penalty to Michael Ryder is over, Michael Ryder is back on ice.
4:56 of 2nd period - Pascal Dupuis is hit by Tyler Myers and loses puck.
5:09 of 2nd period - Slapshot by Dmitry Kulikov.
5:09 of 2nd period - Shot Blocked by Tyler Myers.
5:51 of 2nd period - Ryan Callahan is hit by Chris Drury and loses puck.
7:08 of 2nd period - Wrist shot by Michael Ryder.
7:08 of 2nd period - Shot Misses the Net.
7:10 of 2nd period - Slapshot by Mark Eaton.
7:10 of 2nd period - Stopped by Jaroslav Halak without a rebound.
7:11 of 2nd period - Jarret Stoll wins face-off versus Lars Eller in Capitals zone.
7:55 of 2nd period - R.J. Umberger is hit by Ryan Callahan and loses puck.
8:02 of 2nd period - Slapshot by Chris Kelly.
8:02 of 2nd period - Stopped by Julien Ellis without a rebound.
8:03 of 2nd period - Chris Drury wins face-off versus Jason Spezza in Nordiques zone.
9:22 of 2nd period - Snap shot by Chris Drury.
9:22 of 2nd period - Stopped by Jaroslav Halak with a rebound.
9:24 of 2nd period - Slapshot by Fedor Tyutin.
9:24 of 2nd period - Deflect By Joe Pavelski.
9:24 of 2nd period - Stopped by Jaroslav Halak with a rebound.
9:26 of 2nd period - Snap shot by Chris Drury.
9:26 of 2nd period - Deflect By Daniel Sedin.
9:26 of 2nd period - Shot Misses the Net.
9:26 of 2nd period - Puck is out of play.
9:27 of 2nd period - Chris Kelly wins face-off versus Vaclav Prospal in Capitals zone.
9:54 of 2nd period - Fedor Tyutin is hit by Joe Pavelski and loses puck.
10:17 of 2nd period - Wrist shot by Scottie Upshall.
10:17 of 2nd period - Stopped by Julien Ellis without a rebound.
10:18 of 2nd period - Jarret Stoll wins face-off versus Saku Koivu in Nordiques zone.
10:27 of 2nd period - Wrist shot by Matt Moulson.
10:27 of 2nd period - Stopped by Jaroslav Halak without a rebound.
10:28 of 2nd period - Jason Spezza wins face-off versus Chris Drury in Capitals zone.
10:53 of 2nd period - Joe Pavelski is hit by Fedor Tyutin and loses puck.
11:20 of 2nd period - Wrist shot by Pascal Dupuis.
11:20 of 2nd period - Goal by Pascal Dupuis - Nordiques : 1 - Capitals : 2.
11:21 of 2nd period - Chris Kelly wins face-off versus R.J. Umberger in neutral zone.
11:32 of 2nd period - Snap shot by Patrik Elias.
11:32 of 2nd period - Shot Misses the Net.
11:34 of 2nd period - Slapshot by Ryan Callahan.
11:34 of 2nd period - Shot Misses the Net.
12:25 of 2nd period - Jarret Stoll is hit by Joffrey Lupul and loses puck.
13:05 of 2nd period - Wrist shot by Vaclav Prospal.
13:05 of 2nd period - Deflect By Jean-Pierre Dumont.
13:05 of 2nd period - Shot Misses the Net.
13:05 of 2nd period - Puck is out of play.
13:06 of 2nd period - Chris Kelly wins face-off versus Vaclav Prospal in Capitals zone.
13:35 of 2nd period - Snap shot by Jason Spezza.
13:35 of 2nd period - Goal by Jason Spezza - Nordiques : 1 - Capitals : 3.
13:36 of 2nd period - Jason Spezza wins face-off versus Chris Drury in neutral zone.
14:01 of 2nd period - Fedor Tyutin is hit by Patrik Elias and loses puck.
14:12 of 2nd period - Chris Kelly is hit by Dmitry Kulikov and loses puck.
14:13 of 2nd period - Chris Kelly from Capitals is injured at 14:13 of 2nd period (Sports Hernia).
14:14 of 2nd period - Jason Spezza wins face-off versus Chris Drury in Capitals zone.
14:25 of 2nd period - Wrist shot by R.J. Umberger.
14:25 of 2nd period - Goal by R.J. Umberger - Nordiques : 2 - Capitals : 3.
14:26 of 2nd period - Jason Spezza wins face-off versus Chris Drury in neutral zone.
14:39 of 2nd period - Snap shot by Jason Spezza.
14:39 of 2nd period - Shot Misses the Net.
14:46 of 2nd period - Minor Penalty to Jason Spezza for Tripping.
14:47 of 2nd period - Chris Drury wins face-off versus Saku Koivu in Capitals zone.
14:50 of 2nd period - Snap shot by Chris Drury.
14:50 of 2nd period - Stopped by Jaroslav Halak with a rebound.
14:52 of 2nd period - Snap shot by Chris Drury.
14:52 of 2nd period - Shot Blocked by Johnny Oduya.
14:54 of 2nd period - Backhand shot by Dustin Byfuglien.
14:54 of 2nd period - Shot Misses the Net.
15:02 of 2nd period - Wrist shot by Chris Drury.
15:02 of 2nd period - Deflect By R.J. Umberger.
15:02 of 2nd period - Goal by R.J. Umberger - Nordiques : 3 - Capitals : 3.
15:03 of 2nd period - Jason Spezza wins face-off versus Chris Drury in neutral zone.
15:30 of 2nd period - Wrist shot by Lars Eller.
15:30 of 2nd period - Stopped by Julien Ellis with a rebound.
15:34 of 2nd period - Wrist shot by Lars Eller.
15:34 of 2nd period - Shot Misses the Net.
15:36 of 2nd period - Wrist shot by Pierre-Alexandre Parenteau.
15:36 of 2nd period - Stopped by Julien Ellis without a rebound.
15:37 of 2nd period - Vaclav Prospal wins face-off versus Jason Spezza in Nordiques zone.
15:37 of 2nd period - Vaclav Prospal is hit by Joe Pavelski.
15:43 of 2nd period - Vaclav Prospal is hit by Jason Spezza and loses puck.
16:02 of 2nd period - Tyler Myers is hit by Matt Moulson and loses puck.
16:07 of 2nd period - Snap shot by Michael Ryder.
16:07 of 2nd period - Stopped by Jaroslav Halak with a rebound.
16:23 of 2nd period - Wrist shot by Pascal Dupuis.
16:23 of 2nd period - Goal by Pascal Dupuis - Nordiques : 4 - Capitals : 3.
16:24 of 2nd period - Jason Spezza wins face-off versus Chris Drury in neutral zone.
16:29 of 2nd period - Snap shot by Jason Spezza.
16:29 of 2nd period - Stopped by Julien Ellis without a rebound.
16:30 of 2nd period - Jason Spezza wins face-off versus Chris Drury in Nordiques zone.
16:31 of 2nd period - Snap shot by Daniel Sedin.
16:31 of 2nd period - Stopped by Julien Ellis with a rebound.
16:46 of 2nd period - Off-side.
16:47 of 2nd period - Vaclav Prospal wins face-off versus Scottie Upshall in neutral zone.
17:19 of 2nd period - Snap shot by Matt Moulson.
17:19 of 2nd period - Stopped by Jaroslav Halak without a rebound.
17:20 of 2nd period - Jason Spezza wins face-off versus Jarret Stoll in Capitals zone.
18:47 of 2nd period - Ryan Ellis is hit by Joe Pavelski and loses puck.
19:00 of 2nd period - Minor Penalty to Cody Franson for High sticking.
19:01 of 2nd period - Chris Drury wins face-off versus Jason Spezza in Capitals zone.
19:02 of 2nd period - Slapshot by Fedor Tyutin.
19:02 of 2nd period - Shot Misses the Net.
19:15 of 2nd period - Slapshot by Chris Drury.
19:15 of 2nd period - Shot Misses the Net.
19:17 of 2nd period - Snap shot by R.J. Umberger.
19:17 of 2nd period - Shot Blocked by Johnny Oduya.
19:34 of 2nd period - Minor Penalty to Dustin Byfuglien for Holding.
19:35 of 2nd period - Jason Spezza wins face-off versus Chris Drury in Nordiques zone.
19:53 of 2nd period - Icing by Fedor Tyutin.
19:54 of 2nd period - Chris Drury wins face-off versus Scottie Upshall in Nordiques zone.
Goals for this period are 4 for Nordiques vs 1 for Capitals.
Shots for this period are 15 for Nordiques vs 9 for Capitals.
3rd period
0:01 of 3rd period - Jason Spezza wins face-off versus Chris Drury in neutral zone.
0:04 of 3rd period - Snap shot by Johnny Oduya.
0:04 of 3rd period - Shot Misses the Net.
0:38 of 3rd period - Tyler Myers is hit by Dmitry Kulikov and loses puck.
0:53 of 3rd period - Ryan Ellis is hit by Tyler Myers and loses puck.
1:00 of 3rd period - Penalty to Cody Franson is over, Cody Franson is back on ice.
1:08 of 3rd period - Slapshot by Pascal Dupuis.
1:08 of 3rd period - Shot Blocked by Tyler Myers.
1:11 of 3rd period - Icing by Daniel Sedin.
1:12 of 3rd period - Saku Koivu wins face-off versus Pascal Dupuis in Capitals zone.
1:34 of 3rd period - Penalty to Dustin Byfuglien is over, Dustin Byfuglien is back on ice.
2:19 of 3rd period - Pascal Dupuis is hit by Tyler Myers and loses puck.
2:28 of 3rd period - Snap shot by Cody Franson.
2:28 of 3rd period - Stopped by Julien Ellis without a rebound.
2:29 of 3rd period - Vaclav Prospal wins face-off versus Scottie Upshall in Nordiques zone.
2:29 of 3rd period - Vaclav Prospal is hit by Patrik Elias.
2:41 of 3rd period - Slapshot by Ryan Ellis.
2:41 of 3rd period - Stopped by Jaroslav Halak without a rebound.
2:42 of 3rd period - Scottie Upshall wins face-off versus Vaclav Prospal in Capitals zone.
3:16 of 3rd period - Snap shot by Matt Moulson.
3:16 of 3rd period - Deflect By Jarret Stoll.
3:16 of 3rd period - Stopped by Jaroslav Halak with a rebound.
5:51 of 3rd period - Pierre-Alexandre Parenteau is hit by Fedor Tyutin and loses puck.
6:03 of 3rd period - Off-side.
6:04 of 3rd period - Jason Spezza wins face-off versus Rich Peverley in neutral zone.
6:07 of 3rd period - Snap shot by Paul Martin.
6:07 of 3rd period - Deflect By Ryan Ellis.
6:07 of 3rd period - Stopped by Julien Ellis without a rebound.
6:08 of 3rd period - Rich Peverley wins face-off versus Jason Spezza in Nordiques zone.
6:08 of 3rd period - Rich Peverley is hit by Patrik Elias.
6:19 of 3rd period - Minor Penalty to Patrik Elias for Interference.
6:20 of 3rd period - Chris Drury wins face-off versus Jason Spezza in Capitals zone.
7:15 of 3rd period - Icing by Ryan Ellis.
7:16 of 3rd period - Vaclav Prospal wins face-off versus Saku Koivu in Nordiques zone.
7:16 of 3rd period - Vaclav Prospal is hit by Daniel Sedin.
7:48 of 3rd period - Saku Koivu is hit by Dmitry Kulikov and loses puck.
8:19 of 3rd period - Penalty to Patrik Elias is over, Patrik Elias is back on ice.
8:34 of 3rd period - Backhand shot by Michael Ryder.
8:34 of 3rd period - Stopped by Jaroslav Halak with a rebound.
8:36 of 3rd period - Slapshot by Fedor Tyutin.
8:36 of 3rd period - Shot Misses the Net.
9:10 of 3rd period - Wrist shot by Ryan Callahan.
9:10 of 3rd period - Stopped by Julien Ellis with a rebound.
9:28 of 3rd period - Slapshot by Ryan Callahan.
9:28 of 3rd period - Shot Misses the Net.
9:30 of 3rd period - Wrist shot by Ryan Callahan.
9:30 of 3rd period - Stopped by Julien Ellis with a rebound.
9:32 of 3rd period - Wrist shot by Ryan Callahan.
9:32 of 3rd period - Stopped by Julien Ellis with a rebound.
9:34 of 3rd period - Slapshot by Johnny Oduya.
9:34 of 3rd period - Shot Blocked by Nikolai Kulemin.
9:36 of 3rd period - Snap shot by Ryan Callahan.
9:36 of 3rd period - Stopped by Julien Ellis with a rebound.
9:38 of 3rd period - Slapshot by Scottie Upshall.
9:38 of 3rd period - Stopped by Julien Ellis without a rebound.
9:39 of 3rd period - Jason Spezza wins face-off versus Chris Drury in Nordiques zone.
9:58 of 3rd period - Chris Drury is hit by Jason Spezza.
10:30 of 3rd period - Snap shot by Matt Moulson.
10:30 of 3rd period - Stopped by Jaroslav Halak with a rebound.
10:40 of 3rd period - Wrist shot by Michael Ryder.
10:40 of 3rd period - Shot Blocked by Zdeno Chara.
11:21 of 3rd period - Dmitry Kulikov is hit by Dwight King and loses puck.
11:34 of 3rd period - Snap shot by Dmitry Kulikov.
11:34 of 3rd period - Stopped by Jaroslav Halak with a rebound.
11:36 of 3rd period - Slapshot by Ryan Ellis.
11:36 of 3rd period - Goal by Ryan Ellis - Nordiques : 5 - Capitals : 3.
11:37 of 3rd period - Chris Drury wins face-off versus Daniel Sedin in neutral zone.
11:44 of 3rd period - Wrist shot by R.J. Umberger.
11:44 of 3rd period - Stopped by Jaroslav Halak without a rebound.
11:45 of 3rd period - Jason Spezza wins face-off versus Chris Drury in Capitals zone.
12:10 of 3rd period - Scottie Upshall is hit by Dustin Byfuglien and loses puck.
12:29 of 3rd period - Snap shot by Lars Eller.
12:29 of 3rd period - Shot Blocked by Fedor Tyutin.
12:31 of 3rd period - Snap shot by Lars Eller.
12:31 of 3rd period - Stopped by Julien Ellis without a rebound.
12:32 of 3rd period - Jarret Stoll wins face-off versus Joffrey Lupul in Nordiques zone.
12:37 of 3rd period - Snap shot by Michael Ryder.
12:37 of 3rd period - Deflect By Matt Moulson.
12:37 of 3rd period - Shot Blocked by Tyler Myers.
12:37 of 3rd period - Puck is out of play.
12:38 of 3rd period - Chris Drury wins face-off versus Jason Spezza in Capitals zone.
12:53 of 3rd period - Snap shot by Jason Spezza.
12:53 of 3rd period - Stopped by Julien Ellis without a rebound.
12:54 of 3rd period - Scottie Upshall wins face-off versus Vaclav Prospal in Nordiques zone.
12:57 of 3rd period - Snap shot by Patrik Elias.
12:57 of 3rd period - Stopped by Julien Ellis without a rebound.
12:58 of 3rd period - Vaclav Prospal wins face-off versus Scottie Upshall in Nordiques zone.
13:54 of 3rd period - Snap shot by Lars Eller.
13:54 of 3rd period - Shot Blocked by Nikita Kucherov.
14:03 of 3rd period - Icing by R.J. Umberger.
14:04 of 3rd period - Saku Koivu wins face-off versus Jarret Stoll in Nordiques zone.
14:07 of 3rd period - Snap shot by Saku Koivu.
14:07 of 3rd period - Shot Misses the Net.
14:11 of 3rd period - Wrist shot by Saku Koivu.
14:11 of 3rd period - Stopped by Julien Ellis with a rebound.
14:13 of 3rd period - Snap shot by Scottie Upshall.
14:13 of 3rd period - Stopped by Julien Ellis without a rebound.
14:14 of 3rd period - Jason Spezza wins face-off versus Chris Drury in Nordiques zone.
14:25 of 3rd period - Snap shot by R.J. Umberger.
14:25 of 3rd period - Stopped by Jaroslav Halak without a rebound.
14:26 of 3rd period - Chris Drury wins face-off versus Jason Spezza in Capitals zone.
14:33 of 3rd period - Wrist shot by Nikita Kucherov.
14:33 of 3rd period - Shot Blocked by Paul Martin.
14:51 of 3rd period - Tyler Myers is hit by Vaclav Prospal and loses puck.
15:07 of 3rd period - Icing by Dmitry Kulikov.
15:08 of 3rd period - Lars Eller wins face-off versus Vaclav Prospal in Nordiques zone.
15:09 of 3rd period - Snap shot by Pierre-Alexandre Parenteau.
15:09 of 3rd period - Stopped by Julien Ellis without a rebound.
15:10 of 3rd period - Jason Spezza wins face-off versus Chris Drury in Nordiques zone.
15:15 of 3rd period - Snap shot by Joe Pavelski.
15:15 of 3rd period - Stopped by Julien Ellis without a rebound.
15:16 of 3rd period - Chris Drury wins face-off versus Jason Spezza in Nordiques zone.
15:21 of 3rd period - Snap shot by R.J. Umberger.
15:21 of 3rd period - Stopped by Jaroslav Halak with a rebound.
15:47 of 3rd period - Snap shot by Scottie Upshall.
15:47 of 3rd period - Stopped by Julien Ellis with a rebound.
15:49 of 3rd period - Wrist shot by Scottie Upshall.
15:49 of 3rd period - Shot Misses the Net.
16:07 of 3rd period - Slapshot by Jean-Pierre Dumont.
16:07 of 3rd period - Shot Blocked by Paul Martin.
16:53 of 3rd period - Slapshot by Pierre-Alexandre Parenteau.
16:53 of 3rd period - Shot Misses the Net.
17:37 of 3rd period - Slapshot by Chris Drury.
17:37 of 3rd period - Stopped by Jaroslav Halak without a rebound.
17:38 of 3rd period - Saku Koivu wins face-off versus Chris Drury in Capitals zone.
18:38 of 3rd period - Vaclav Prospal is hit by Joe Pavelski and loses puck.
19:23 of 3rd period - Icing by Vaclav Prospal.
19:24 of 3rd period - Vaclav Prospal wins face-off versus Jason Spezza in Nordiques zone.
Goals for this period are 1 for Nordiques vs 0 for Capitals.
Shots for this period are 10 for Nordiques vs 15 for Capitals.
Back to the Top